 Dungeon Crawl Stone Soup version 0.28-a0-1435-g82390b3a13 (webtiles) character file.

Game seed: 8046697844866298230

647076 vineage the Conqueror (level 27, -1/191 HPs)
             Began as a Minotaur Gladiator on Jan 8, 2022.
             Was the Champion of the Shining One.
             Killed from afar by a starcursed mass (11 damage)
             ... with an accursed screaming
             ... while paralysed by accursed screaming
             ... on level 4 of the Abyss on Jan 9, 2022.
             The game lasted 02:14:55 (81294 turns).

vineage the Conqueror (Minotaur Gladiator)         Turns: 81294, Time: 02:14:55

Health: -1/191     AC: 43    Str: 27      XL:     27
Magic:  30/32      EV:  2    Int:  3 (7)  God:    the Shining One [******]
Gold:   8432       SH:  0    Dex: 30      Spells: 26/26 levels left

rFire   + + .      SeeInvis +   a - +9 sacred scourge (holy)
rCold   + + +      Faith    .   W - +2 kite shield of Okawaru's Inspiration {rC+ rN+ Int+2}
rNeg    + + +      Spirit   .   g - +10 plate armour "Jesaisoz" {Rampage Will+ SInv}
rPois   +          Reflect  +   L - -2 hat of the Alchemist {rElec rPois rF+ rC+ rN+ Will+ rMut rCorr}
rElec   +          Harm     .   O - +1 cloak "Yffushru" {+Inv rElec rC+}
rCorr   +          Rampage  +   s - +4 pair of gloves of Thoughtfulness {+Inv rPois}
rMut    +                       p - +2 pair of boots
Will    ++++.                   n - amulet "Foriczi" {Reflect rElec Dex+3 SH+5}
Stlth   ..........              Z - ring of Duibaro {rPois rF+ rC+ SInv}
HPRegen 0.00/turn               V - ring of Qiruez {rElec rPois rN++ Dex+7}
MPRegen 0.23/turn

@: paralysed, divinely shielded, sick, inhibited regen, glowing
A: horns 2, retaliatory headbutt, agile 1, mutation resistance 1, passive
freeze, inhibited regeneration, subdued magic 1, [frail 3]
}: 4/15 runes: decaying, slimy, silver, gossamer
a: Renounce Religion, Evoke Invisibility, Divine Shield, Cleansing Flame, Summon
Divine Warrior


You were on level 4 of the Abyss.
You worshipped the Shining One.
The Shining One was exalted by your worship.
You visited 11 branches of the dungeon, and saw 52 of its levels.
You visited the Abyss 2 times.
You visited 1 bazaar.
You also visited: Sewer, Bailey and Ice Cave.

You collected 11358 gold pieces.
You spent 2926 gold pieces at shops.

Inventory:

Hand Weapons
 a - a +9 sacred scourge of holy wrath (weapon)
 D - the +10 morningstar of Okawaru's Approval {vorpal, Str+4 Dex+3}
   (Okawaru gifted it to you on level 6 of the Lair of Beasts)

   It inflicts extra damage upon your enemies.
   Str:       It affects your strength (+4).
   Dex:       It affects your dexterity (+3).
 Y - the +5 morningstar of Okawaru's Reproof {antimagic, rF+ Dex+2}
   (Okawaru gifted it to you on level 15 of the Dungeon)

   It reduces the magical energy of the wielder, and disrupts the spells and
   magical abilities of those it strikes.
   Natural abilities and divine invocations are not affected.
   Dex:       It affects your dexterity (+2).
   rF:        It protects you from fire.
Armour
 g - the +10 plate armour "Jesaisoz" (worn) {Rampage Will+ SInv}
   (You took it off a deep elf high priest on level 3 of the Elven Halls)

   SInv:      It lets you see invisible.
   Rampage:   It bestows one free step when moving towards enemies.
   Will:      It increases your willpower.
 p - a +2 pair of boots (worn)
 s - the +4 pair of gloves of Thoughtfulness (worn) {+Inv rPois}
   (Okawaru gifted it to you on level 2 of the Elven Halls)

   rPois:     It protects you from poison.
   +Inv:      It lets you turn invisible.
 L - the -2 hat of the Alchemist (worn) {rElec rPois rF+ rC+ rN+ Will+ rMut rCorr}
   (Okawaru gifted it to you on level 3 of the Elven Halls)

   rF:        It protects you from fire.
   rC:        It protects you from cold.
   rElec:     It insulates you from electricity.
   rPois:     It protects you from poison.
   rN:        It protects you from negative energy.
   rCorr:     It protects you from acid and corrosion.
   rMut:      It protects you from mutation.
   Will:      It increases your willpower.
 O - the +1 cloak "Yffushru" (worn) {+Inv rElec rC+}
   (Okawaru gifted it to you on level 4 of the Lair of Beasts)

   rC:        It protects you from cold.
   rElec:     It insulates you from electricity.
   +Inv:      It lets you turn invisible.
 W - the +2 kite shield of Okawaru's Inspiration (worn) {rC+ rN+ Int+2}
   (Okawaru gifted it to you on level 5 of the Pits of Slime)

   Int:       It affects your intelligence (+2).
   rC:        It protects you from cold.
   rN:        It protects you from negative energy.
Jewellery
 n - the amulet "Foriczi" (around neck) {Reflect rElec Dex+3 SH+5}
   (You took it off an ironbound preserver on level 5 of the Vaults)

   [amulet of reflection]

   It reflects blocked missile attacks.
   Dex:       It affects your dexterity (+3).
   rElec:     It insulates you from electricity.
   SH:        It affects your SH (+5).
 r - a +6 ring of dexterity
 v - the ring of Uxzismeze {Int+7 Slay+4}
   (You found it on level 5 of the Pits of Slime)

   [ring of slaying]

   Int:       It affects your intelligence (+7).
   Slay:      It affects your accuracy & damage with ranged weapons and melee
   (+4).
 E - a ring of see invisible
 J - a +6 ring of strength
 P - a ring of protection from fire
 V - the ring of Qiruez (right hand) {rElec rPois rN++ Dex+7}
   (You took it off a deep elf high priest on level 3 of the Elven Halls)

   [ring of poison resistance]

   Dex:       It affects your dexterity (+7).
   rElec:     It insulates you from electricity.
   rPois:     It protects you from poison.
   rN:        It greatly protects you from negative energy.
 Z - the ring of Duibaro (left hand) {rPois rF+ rC+ SInv}
   (You bought it in a shop in a bazaar)

   [ring of poison resistance]

   rF:        It protects you from fire.
   rC:        It protects you from cold.
   rPois:     It protects you from poison.
   SInv:      It lets you see invisible.
Wands
 d - a wand of paralysis (2)
 e - a wand of polymorph (12)
 A - a wand of flame (9)
 I - a wand of digging (9)
Scrolls
 c - 7 scrolls of identify
 i - 4 scrolls of brand weapon
 m - 2 scrolls of enchant weapon
 o - 12 scrolls of teleportation
 q - 4 scrolls of fear
 t - 2 scrolls of silence
 u - 4 scrolls of fog
 x - 2 scrolls of holy word
 y - 3 scrolls of blinking
 M - 5 scrolls of immolation
 Q - 6 scrolls of amnesia
 R - 10 scrolls of enchant armour
 U - a scroll of magic mapping
Potions
 b - 7 potions of brilliance
 f - 11 potions of curing
 h - 4 potions of attraction
 j - 3 potions of haste
 l - 3 potions of heal wounds
 w - 2 potions of invisibility
 z - 9 potions of lignification
 B - 9 potions of might
 C - 4 potions of ambrosia
 H - 5 potions of cancellation
 K - 4 potions of berserk rage
 N - 4 potions of resistance
 S - 4 potions of magic
 T - 11 potions of flight
Miscellaneous
 k - a piece from Xom's chessboard (15/15)


   Skills:
 O Level 27 Fighting
 O Level 27 Maces & Flails
 - Level 2.0 Throwing
 - Level 26.8 Armour
 - Level 13.2 Dodging
 - Level 19.9 Shields
 + Level 13.4 Invocations


You had 26 spell levels left.
You didn't know any spells.
Your spell library contained the following spells:

 Spells                   Type           Power      Damage    Failure   Level
 Animate Skeleton         Necr           0%         N/A       93%         1
 Apportation              Tloc           0%         N/A       93%         1
 Beastly Appendage        Tmut           0%         N/A       93%         1
 Foxfire                  Conj/Fire      0%         2x1d4     93%         1
 Freeze                   Ice            0%         1d3       93%         1
 Magic Dart               Conj           0%         1d3       93%         1
 Shock                    Conj/Air       0%         1d3       93%         1
 Slow                     Hex            0%         N/A       93%         1
 Summon Small Mammal      Summ           0%         N/A       93%         1
 Blink                    Tloc           0%         N/A       98%         2
 Corpse Rot               Necr/Air       0%         N/A       98%         2
 Ensorcelled Hibernation  Hex/Ice        0%         N/A       98%         2
 Passwall                 Tmut/Erth      0%         N/A       98%         2
 Poisonous Vapours        Pois/Air       0%         N/A       98%         2
 Searing Ray              Conj           0%         2d4       98%         2
 Static Discharge         Conj/Air       0%         N/A       98%         2
 Wereblood                Tmut           0%         N/A       98%         2
 Call Canine Familiar     Summ           0%         N/A       100%        3
 Confusing Touch          Hex            0%         N/A       100%        3
 Conjure Flame            Conj/Fire      0%         6-21      100%        3
 Dazzling Flash           Conj/Hex       0%         N/A       100%        3
 Frozen Ramparts          Ice            0%         1d2       100%        3
 Inner Flame              Hex/Fire       0%         N/A       100%        3
 Lesser Beckoning         Tloc           0%         N/A       100%        3
 Ozocubu's Armour         Ice            0%         N/A       100%        3
 Portal Projectile        Hex/Tloc       0%         N/A       100%        3
 Spider Form              Tmut/Pois      0%         N/A       100%        3
 Stone Arrow              Conj/Erth      0%         3d7       100%        3
 Summon Guardian Golem    Hex/Summ       0%         N/A       100%        3
 Swiftness                Air            0%         N/A       100%        3
 Tukima's Dance           Hex            0%         N/A       100%        3
 Vampiric Draining        Necr           0%         2d6       100%        3
 Airstrike                Air            0%         N/A       100%        4
 Animate Armour           Summ/Erth      0%         N/A       100%        4
 Animate Dead             Necr           0%         N/A       100%        4
 Cause Fear               Hex            0%         N/A       100%        4
 Dispel Undead            Necr           0%         3d6       100%        4
 Flame Wave               Conj/Fire      0%         2d4       100%        4
 Fulminant Prism          Conj/Hex       0%         3d6       100%        4
 Hailstorm                Conj/Ice       0%         3d3       100%        4
 Ice Form                 Ice/Tmut       0%         N/A       100%        4
 Iskenderun's Mystic Bla  Conj/Tloc      0%         2d3       100%        4
 Passage of Golubria      Tloc           0%         N/A       100%        4
 Petrify                  Tmut/Erth      0%         N/A       100%        4
 Sticky Flame             Conj/Fire      0%         2d3       100%        4
 Summon Ice Beast         Ice/Summ       0%         N/A       100%        4
 Summon Lightning Spire   Summ/Air       0%         N/A       100%        4
 Agony                    Necr           0%         N/A       100%        5
 Alistair's Intoxication  Tmut/Pois      0%         N/A       100%        5
 Blade Hands              Tmut           0%         N/A       100%        5
 Borgnjor's Vile Clutch   Necr/Erth      0%         N/A       100%        5
 Excruciating Wounds      Necr           0%         N/A       100%        5
 Fireball                 Conj/Fire      0%         3d3       100%        5
 Freezing Cloud           Conj/Ice/Air   0%         6-21      100%        5
 Irradiate                Conj/Tmut      0%         3d14      100%        5
 Lightning Bolt           Conj/Air       0%         1d11      100%        5
 Manifold Assault         Tloc           0%         N/A       100%        5
 Metabolic Englaciation   Hex/Ice        0%         N/A       100%        5
 Silence                  Hex/Air        0%         N/A       100%        5
 Yara's Violent Unravell  Hex/Tmut       0%         3d3       100%        5
 Iron Shot                Conj/Erth      0%         9d1       100%        6
 Simulacrum               Ice/Necr       0%         N/A       100%        6
 Starburst                Conj/Fire      0%         6d3       100%        6
 Statue Form              Tmut/Erth      0%         N/A       100%        6
 Summon Cactus Giant      Summ           0%         N/A       100%        6
 Dragon Form              Tmut           0%         N/A       100%        7
 Enfeeble                 Hex            0%         N/A       100%        7
 Ozocubu's Refrigeration  Ice            0%         4d5       100%        7
 Storm Form               Tmut/Air       0%         N/A       100%        7
 Discord                  Hex            0%         N/A       100%        8
 Ignition                 Fire           0%         3d3       100%        8
 Infestation              Necr           0%         N/A       100%        8
 Lehudib's Crystal Spear  Conj/Erth      0%         10d2      100%        8
 Maxwell's Capacitive Co  Air            0%         ∞         100%        8
 Necromutation            Tmut/Necr      0%         N/A       100%        8
 Chain Lightning          Conj/Air       0%         N/A       100%        9
 Fire Storm               Conj/Fire      0%         5d1       100%        9
 Polar Vortex             Ice            0%         N/A       100%        9
 Shatter                  Erth           0%         3d5*      100%        9


Dungeon Overview and Level Annotations

Branches:
Dungeon (15/15)            Temple (1/1) D:6            Lair (6/6) D:10
  Swamp (4/4) Lair:4       Spider (4/4) Lair:4        Slime (5/5) Lair:6
    Orc (2/2) D:10            Elf (3/3) Orc:2        Vaults (5/5) D:14
  Crypt (3/3) Vaults:3       Tomb (0/3) Crypt:3      Depths (4/4) D:15
    Zot (0/5) Depths:4      Sewer (visited)          Bailey (visited)
  IceCv (visited)

Altars:
Ashenzari
Cheibriados
Dithmenos
Elyvilon
Fedhas
Gozag
Hepliaklqana
Kikubaaqudgha
Makhleb
Nemelex Xobeh
Okawaru
Qazlal
Ru
Sif Muna
Trog
Uskayaw
Vehumet
Wu Jian
Xom
Yredelemnul
Zin
The Shining One
Jiyva
Lugonu

Shops:
Orc:2 =*=!(   Elf:2 (   Depths:2 *([(

Portals:
Hell: Depths:1 Depths:2 Depths:3 Depths:4
Abyss: Depths:1 Depths:3 Depths:4
Pandemonium: Depths:2 Depths:4
Ziggurat: Depths:3

Annotations:
D:11 2 runed translucent doors


Innate Abilities, Weirdness & Mutations

You have a pair of horns on your head.
You reflexively headbutt those who attack you in melee.
You are agile. (Dex +2)
You are somewhat resistant to further mutation.
A frigid envelope surrounds you and freezes all who hurt you.
You do not regenerate when monsters are visible.
Your spells are a little easier to cast, but a little less powerful.
[You are extremely frail. (-30% HP)]


Message History

A chorus of shrieks assaults your mind.
* * * LOW HITPOINT WARNING * * *
A starcursed mass splits. x2
A starcursed mass splits. x2
You feel much better.
You feel ill.
A starcursed mass splits. x2
Your divine shield is renewed.
A starcursed mass splits.
You hit the starcursed mass.
The starcursed mass is heavily damaged.
The starcursed mass shudders and is absorbed by its neighbour.
Your angel hits the ancient zyme with a +1 whip of holy wrath!
Your angel barely misses the ancient zyme.
Your angel hits the ancient zyme with a +1 whip of holy wrath!
Your angel completely misses the ancient zyme.
You block the ancient zyme's attack. x2; A starcursed mass splits.
You rampage towards the starcursed mass!
You hit the starcursed mass but do no damage.
You headbutt the starcursed mass, but do no damage.
Your angel hits the ancient zyme with a +1 whip of holy wrath!!
Your angel hits the ancient zyme with a +1 whip of holy wrath.
A cacophony of accursed wailing tears at your sanity!
* * * LOW HITPOINT WARNING * * *
You suddenly lose the ability to move!
Your angel hits the ancient zyme with a +1 whip of holy wrath! x2
The ancient zyme is destroyed!
A starcursed mass splits.
The starcursed mass touches you!
* * * LOW HITPOINT WARNING * * *
The starcursed mass is very cold.
The starcursed mass is heavily damaged.
The starcursed mass shudders and is absorbed by its neighbour.
A cacophony of accursed wailing tears at your sanity!
* * * LOW HITPOINT WARNING * * *
You shrug off the repeated paralysis!
A starcursed mass splits.
Your angel hits the starcursed mass with a +1 whip of holy wrath.
The starcursed mass shudders and is absorbed by its neighbour.
A starcursed mass splits.
Your angel hits the starcursed mass with a +1 whip of holy wrath!
The starcursed mass shudders and is absorbed by its neighbour.
A starcursed mass splits.
A cacophony of accursed wailing tears at your sanity!
You die...

...... ....... # .
....................
. ....≈.............
≈......###....XX.. .
..#⌠§ ...#...XX#
...###[#.XXX## ####
≈ .[.#..§.X#.†#≈#..#
#.#..AX##∩.† ...# .
#....A@X##†#≈# ##
#.#####.# .≈†≈.≈#
X.#.... ###)≈≈≈ ##
#.#. #.... ## ..≈##
#≈. X .≈# .# .
##X._..## . # . #
....≈ ##.....##
≈'###'≈#


You could see 10 starcursed masses and 2 friendly angels.

Vanquished Creatures
  the Royal Jelly (Slime:5)
  Dissolution (Slime:5)
  An ancient lich (Vaults:5)
  Sojobo (D:15)
  Boris (thrice) (Vaults:2 Depths:2 Crypt:2)
  Frederick (Crypt:3)
  A curse toe (Crypt:3)
  3 caustic shrikes (Depths:2)
  7 golden dragons
  A profane servitor (Crypt:3)
  3 bone dragons
  6 tentacled monstrosities
  A shard shrike skeleton (Abyss:3)
  Rupert (Lair:3)
  6 liches
  The ghost of Hatoet the Brawler, an adept TrHu of the Shining One (Spider:4)
  A walking earthen tome (Depths:4)
  Asterion (Depths:2)
  9 deep elf blademasters
  9 ancient champions
  13 titans
  5 deep elf master archers
  A quicksilver dragon (Vaults:5)
  29 acid blobs
  2 Executioners (Abyss:4)
  A walking divine tome (Depths:3)
  8 sphinxes
  Kirke (Swamp:1)
  5 shadow dragons
  13 tentacled starspawn
  A thorn hunter (Swamp:2)
  3 tengu reavers
  2 storm dragons
  11 azure jellies
  A draconian monk (Depths:4)
  2 revenants
  A draconian knight (Depths:4)
  A fenstrider witch (Swamp:3)
  13 rockslimes
  An azure jelly (shapeshifter) (Depths:4)
  19 frost giants
  11 deep elf sorcerers
  9 vault wardens
  16 fire giants
  5 ghouls
  2 caustic shrike zombies
  4 orc warlords
  A juggernaut zombie (Abyss:4)
  3 iron dragons
  2 draconian shifters (Depths:4)
  11 emperor scorpions
  7 deep elf elementalists (Elf:3)
  3 curse skulls
  3 ghost moths
  3 war gargoyles (Vaults:5)
  A broodmother (Spider:4)
  A draconian annihilator (Depths:4)
  2 draconian stormcallers
  19 very ugly things
  The ghost of Wethristuq the Bludgeoner, a journeyman MiBe of Trog (Depths:4)
  3 reapers
  2 caustic shrike skeletons
  13 ironbound preservers
  22 stone giants
  15 quicksilver oozes
  3 lorocyprocas
  A spriggan defender (Depths:2)
  2 ironbound thunderhulks (Vaults:3)
  5 vampire knights
  3 green draconians
  3 black draconians
  8 entropy weavers
  8 eleionomae
  7 spark wasps
  7 deep elf annihilators (Elf:3)
  4 white draconians
  The ghost of Ziatichuqu the Cleaver, a journeyman DsFi of Okawaru (D:14)
  5 purple draconians
  5 deep elf demonologists
  5 dire elephants
  6 red draconians
  3 yellow draconians
  7 eidola
  5 bunyips
  6 deep elf death magi
  Snorg (Lair:5)
  A crystal guardian (Vaults:2)
  A blizzard demon (Depths:1)
  15 jiangshi
  12 ettins
  2 mummy priests (Crypt:3)
  15 great orbs of eyes
  A merfolk impaler (Depths:2)
  2 spriggan zombies (Crypt:3)
  6 fire dragons
  6 boulder beetles
  9 deep elf high priests
  A rakshasa (Abyss:4)
  27 vault guards
  8 yaktaur captains
  Erica (Orc:1)
  7 ice dragons
  2 peacekeepers
  A caustic shrike simulacrum (IceCv)
  3 ogre magi (Vaults:5)
  Erolcha (D:11)
  9 hydras
  A spriggan air mage (Depths:3)
  6 centaur warriors
  7 ironbound frosthearts
  3 jorogumos
  3 catoblepae (Lair:6)
  2 hell beasts (Depths:1)
  6 two-headed ogres
  30 dancing weapons
  An anaconda (shapeshifter) (Vaults:5)
  4 death knights
  12 alligators
  4 tengu warriors
  12 deep troll shamans
  8 vampire magi
  6 death yaks (Lair:6)
  A titan zombie (Abyss:4)
  12 deep troll earth magi
  A storm dragon zombie (D:14)
  The ghost of Yorgos the Cleaver, a novice DsBe of Trog (D:8)
  16 thrashing horrors
  Sonja (Orc:1)
  3 spriggan berserkers
  6 hell knights (Abyss:4)
  27 deep elf knights
  7 pharaoh ants
  16 iron trolls
  5 soul eaters
  2 sixfirhies (Abyss:4)
  13 spriggans
  A sun moth (Spider:3)
  55 deep trolls
  A sun demon (Abyss:1)
  5 spatial maelstroms
  A bunyip zombie (Crypt:3)
  6 goliath frogs
  2 shadow wraiths
  2 spectral entropy weavers (Spider:4)
  7 wretched stars (Abyss:4)
  3 spriggan druids
  8 flayed ghosts
  7 glowing orange brains
  A death drake (Abyss:4)
  16 skeletal warriors
  4 steelbarb worms
  12 orb spiders
  An entropy weaver zombie (Crypt:2)
  4 swamp dragons
  A storm dragon skeleton (D:14)
  13 phantasmal warriors
  4 spriggan simulacra
  5 bog bodies
  3 orange crystal statues
  17 deep elf archers
  12 wizards
  5 lindwurms
  8 orc knights
  23 deep elf pyromancers
  7 ironbound convokers
  34 deep elf zephyrmancers
  A fenstrider witch simulacrum (Crypt:3)
  A swamp dragon (shapeshifter) (Depths:4)
  6 necromancers
  19 wolf spiders
  2 orc sorcerers
  56 ugly things
  A wolf spider zombie (Crypt:3)
  A shadow dragon skeleton (Crypt:3)
  A wolf spider (shapeshifter) (Depths:4)
  5 oklob plants (Lair:1)
  3 worldbinders
  A salamander (shapeshifter) (D:14)
  3 will-o-the-wisps
  4 cyclopes
  8 manticores
  A mana viper (Abyss:4)
  6 elephants
  6 shining eyes
  3 moths of wrath
  A salamander (D:15)
  A cyclops (shapeshifter) (Vaults:5)
  2 guardian serpents (Depths:2)
  Joseph (D:9)
  2 stone giant skeletons (Depths:1)
  21 vault sentinels
  Maurice (D:11)
  5 black mambas
  8 smoke demons
  A cane toad (shapeshifter) (Abyss:4)
  9 centaur zombies
  An orange demon (Abyss:4)
  2 rust devils (Depths:2)
  4 eyes of devastation
  2 gargoyles
  4 torpor snails
  3 apocalypse crabs
  A dire elephant skeleton (Crypt:2)
  13 cane toads
  2 emperor scorpion simulacra (Spider:4)
  12 demonic crawlers
  An unseen horror (shapeshifter) (D:13)
  A white draconian zombie (Crypt:1)
  3 anaconda simulacra
  2 tormentors (Abyss:4)
  An efreet (Abyss:4)
  3 steelbarb worm zombies
  A bunyip simulacrum (Crypt:3)
  An ice devil (Depths:4)
  15 freezing wraiths
  A kobold demonologist (Elf:1)
  An entropy weaver simulacrum (D:14)
  8 komodo dragons
  4 golden dragon simulacra (IceCv)
  A sea snake zombie (Crypt:3)
  3 tengu conjurers
  36 yaktaurs
  An iron troll zombie (Crypt:2)
  An alligator snapping turtle skeleton (Crypt:3)
  2 hellwings
  7 guardian mummies (Crypt:3)
  13 ancient zymes
  2 harpy zombies (Crypt:3)
  12 meliai
  A bloated husk (Swamp:3)
  5 trolls
  4 wolf spider simulacra
  2 polar bears
  17 large abominations
  A moth of wrath zombie (Crypt:2)
  4 tyrant leeches
  26 hornets
  Prince Ribbit (D:7)
  2 harpy skeletons
  35 raiju
  26 tarantellas
  A raiju (shapeshifter) (Abyss:4)
  A stone giant simulacrum (Depths:1)
  19 blink frogs
  A slime creature (shapeshifter) (Vaults:4)
  An ice dragon zombie (Crypt:3)
  87 slime creatures
  19 culicivoras
  2 air elementals (Elf:3)
  28 jumping spiders
  An alligator skeleton (Crypt:2)
  2 centaur simulacra
  Sigmund (D:6)
  An ettin skeleton (Crypt:2)
  6 ynoxinuls
  A dire elephant simulacrum (IceCv)
  58 yaks
  3 fire bats
  5 wyverns
  6 water elementals
  A basilisk (shapeshifter) (D:14)
  3 ushabtiu (Crypt:3)
  6 wraiths
  A golden eye (Abyss:4)
  20 small abominations
  3 hogs (Swamp:1)
  5 humans
  Eustachio (D:4)
  A yak (shapeshifter) (Elf:3)
  Grum (D:9)
  74 redbacks
  4 chaos spawn
  2 steam dragons
  A minotaur simulacrum (D:14)
  10 neqoxecs
  15 swamp worms
  17 vampire mosquitoes
  2 swamp worm simulacra (Swamp:4)
  An acid dragon (shapeshifter) (Depths:4)
  4 harpy simulacra
  6 basilisks
  A naga zombie (Abyss:3)
  Edmund (D:6)
  17 hydra simulacra
  2 spatial vortices (Abyss:3)
  6 acid dragons
  A tengu skeleton (Depths:1)
  17 water moccasins
  2 demonspawn skeletons (Crypt:3)
  32 orc warriors
  6 ice beasts
  7 boggarts
  An elephant zombie (Lair:5)
  2 ettin simulacra
  2 black bears
  33 starcursed masses
  An ogre (shapeshifter) (Depths:4)
  36 wolves
  13 centaurs
  12 ogres
  A phantom (D:6)
  8 kobold brigands (D:10)
  An octopode zombie (Crypt:2)
  A yaktaur zombie (Crypt:1)
  16 bullfrogs
  A komodo dragon zombie (Lair:5)
  5 earth elementals
  3 gnoll sergeants
  3 scorpions (Spider:3)
  A cyclops zombie (Crypt:3)
  A naga simulacrum (Abyss:4)
  A wyvern zombie (D:9)
  A water moccasin zombie (D:5)
  A water moccasin skeleton (D:5)
  A killer bee (D:10)
  2 lindwurm simulacra
  8 wights
  2 howler monkeys
  A vampire bat (Orc:1)
  11 electric eels
  A crimson imp (Abyss:3)
  9 quasits
  A wolf skeleton (Crypt:2)
  12 orc priests
  3 hounds
  Crazy Yiuf (D:5)
  A basilisk zombie (Lair:5)
  3 centaur skeletons
  A gnoll shaman (D:4)
  3 iron imps
  7 jellies
  4 hell rats (Lair:2)
  3 iguanas
  Terence (D:2)
  17 orc wizards
  A human skeleton (Crypt:1)
  A killer bee zombie (D:6)
  An acid dragon skeleton (Crypt:1)
  A hound skeleton (D:4)
  16 gnolls
  15 adders
  6 river rats (Sewer)
  A steam dragon skeleton (Crypt:1)
  A shadow imp (D:5)
  7 white imps
  6 ufetubi
  A swamp drake simulacrum (Swamp:4)
  A halfling skeleton (Crypt:2)
  An iguana skeleton (Crypt:3)
  A worm (D:5)
  36 orcs
  12 bats
  4 endoplasms
  5 giant cockroaches
  A gnoll zombie (Crypt:1)
  8 goblins
  7 hobgoblins
  6 quokkas
  5 ball pythons
  A ball python (shapeshifter) (Depths:2)
  7 frilled lizards
  16 kobolds
  A quokka skeleton (Crypt:2)
  10 rats
  2 briar patches (Swamp:2)
  A bush (D:5)
  A butterfly (Swamp:1)
  3 lurking horrors
  12 starspawn tentacles
2474 creatures vanquished.

Vanquished Creatures (collateral kills)
  3 tentacled starspawn (Abyss:4)
  A lorocyproca (Abyss:4)
  A merfolk avatar (Abyss:4)
  2 skeletal warriors (Crypt:3)
  A starcursed mass (Abyss:4)
  A guardian mummy (Crypt:3)
  2 ancient zymes (Abyss:4)
  A harpy zombie (Crypt:3)
  3 raiju (Abyss:4)
  A blink frog (Abyss:4)
  A neqoxec (Abyss:4)
  A small abomination (Abyss:4)
  4 starspawn tentacles (Abyss:4)
22 creatures vanquished.

Vanquished Creatures (others)
  A titan (Depths:2)
  A deep elf death mage (Crypt:1)
  An alligator (Swamp:4)
  A deep elf knight (Depths:2)
  A deep elf pyromancer (Depths:4)
  2 bloated husks
  A blink frog (Abyss:4)
  A shadow (Abyss:4)
  A redback (Spider:4)
  A swamp worm (Swamp:3)
  A boggart (Vaults:1)
  A bat (Orc:1)
  18 foxfires
  21 fungi
  4 lurking horrors
  68 plants
  37 starspawn tentacles
161 creatures vanquished.

Grand Total: 2657 creatures vanquished

Notes
Turn   | Place    | Note
-------+----------+-------------------------------------------
     0 | D:1      | vineage the Minotaur Gladiator began the quest for the Orb.
     0 | D:1      | Reached XP level 1. HP: 18/18 MP: 0/0
   631 | D:1      | Reached XP level 2. HP: 21/26 MP: 1/1
  1395 | D:2      | Reached XP level 3. HP: 34/34 MP: 2/2
  1586 | D:2      | Reached skill level 5 in Fighting
  1751 | D:2      | Noticed Terence
  1761 | D:2      | Killed Terence
  1762 | D:2      | Reached XP level 4. HP: 17/44 MP: 3/3
  2325 | D:3      | Found a glowing drain.
  2343 | Sewer    | Entered a sewer
  2454 | Sewer    | Reached XP level 5. HP: 51/51 MP: 4/4
  3879 | D:4      | Noticed Eustachio
  3884 | D:4      | Killed Eustachio
  3885 | D:4      | Reached XP level 6. HP: 58/62 MP: 5/5
  4645 | D:4      | Reached XP level 7. HP: 65/70 MP: 6/6
  4902 | D:4      | Gained mutation: You are agile. (Dex +2) [potion of
                  | mutation]
  4902 | D:4      | Gained mutation: A frigid envelope surrounds you and
                  | freezes all who hurt you. [potion of mutation]
  4902 | D:4      | Gained mutation: Your spells are a little easier to cast,
                  | but a little less powerful. [potion of mutation]
  4902 | D:4      | Gained mutation: You are somewhat resistant to further
                  | mutation. [potion of mutation]
  4993 | D:5      | Entered Level 5 of the Dungeon
  5197 | D:5      | Reached skill level 10 in Fighting
  5415 | D:5      | Found a stormy altar of Qazlal.
  5653 | D:5      | Reached XP level 8. HP: 76/82 MP: 7/7
  5760 | D:5      | Noticed a troll
  5783 | D:5      | Killed a troll
  6301 | D:5      | Found a runed translucent door.
  6302 | D:5      | Noticed Crazy Yiuf
  6308 | D:5      | Killed Crazy Yiuf
  6469 | D:6      | Found a staircase to the Ecumenical Temple.
  6481 | Temple   | Entered the Ecumenical Temple
  6810 | D:6      | Noticed Sigmund
  6819 | D:6      | Killed Sigmund
  6820 | D:6      | Reached XP level 9. HP: 93/95 MP: 8/8
  7162 | D:6      | Noticed Edmund
  7170 | D:6      | Killed Edmund
  8179 | D:7      | Reached skill level 15 in Fighting
  8313 | D:7      | Noticed Prince Ribbit
  8324 | D:7      | Killed Prince Ribbit
  8692 | D:7      | Found a shimmering blue altar of Sif Muna.
  9022 | D:8      | Found a radiant altar of Vehumet.
  9022 | D:8      | Found a glowing golden altar of the Shining One.
  9023 | D:8      | Found an iron altar of Okawaru.
  9034 | D:8      | Found an opulent altar of Gozag.
  9038 | D:8      | Became a worshipper of Warmaster Okawaru
  9092 | D:8      | Found a transporter.
  9093 | D:8      | Noticed Yorgos's ghost (novice DsBe)
  9109 | D:8      | Found a transporter.
  9138 | D:8      | Killed Yorgos's ghost
  9138 | D:8      | Reached * piety under Okawaru
  9139 | D:8      | Reached XP level 10. HP: 106/111 MP: 9/9
  9359 | D:8      | Found a flagged portal.
  9374 | Bailey   | Entered a bailey
  9461 | Bailey   | Reached skill level 1 in Armour
  9461 | Bailey   | Reached ** piety under Okawaru
  9483 | Bailey   | Noticed a cane toad
  9483 | Bailey   | Noticed a vault guard
  9498 | Bailey   | Killed a cane toad
  9524 | Bailey   | Killed a vault guard
  9525 | Bailey   | Reached skill level 5 in Maces & Flails
  9642 | Bailey   | Noticed a vault guard
  9650 | Bailey   | Killed a vault guard
  9650 | Bailey   | Reached *** piety under Okawaru
  9651 | Bailey   | Reached skill level 5 in Armour
 10186 | D:9      | Noticed Grum
 10190 | D:9      | Reached XP level 11. HP: 114/116 MP: 10/10
 10198 | D:9      | Killed Grum
 10208 | D:9      | Noticed a centaur warrior
 10216 | D:9      | Killed a centaur warrior
 10216 | D:9      | Reached **** piety under Okawaru
 10689 | D:9      | Noticed Joseph
 10694 | D:9      | Killed Joseph
 11300 | D:10     | Entered Level 10 of the Dungeon
 11557 | D:10     | Reached ***** piety under Okawaru
 11655 | D:10     | Found a staircase to the Lair.
 11661 | D:10     | Reached skill level 5 in Dodging
 11730 | D:10     | Reached skill level 10 in Maces & Flails
 12254 | D:10     | Noticed a five-headed hydra
 12254 | D:10     | Noticed a skeletal warrior
 12267 | D:10     | Killed a skeletal warrior
 12275 | D:10     | Killed a five-headed hydra
 12382 | D:10     | Identified the +2 leather armour "Repnyes" {Int+4}
 12575 | D:10     | Found a staircase to the Orcish Mines.
 12587 | D:10     | Reached XP level 12. HP: 118/126 MP: 2/11
 12598 | D:10     | Reached skill level 10 in Armour
 12634 | D:10     | Reached ****** piety under Okawaru
 13467 | D:11     | Identified the +2 hat "Lukhiwedd" {Str+2} (Okawaru gifted
                  | it to you on level 11 of the Dungeon)
 13467 | D:11     | Received a gift from Okawaru
 13470 | D:11     | Noticed Erolcha
 13491 | D:11     | Killed Erolcha
 13882 | D:11     | Noticed Maurice
 13889 | D:11     | Killed Maurice
 14000 | D:11     | Found a large runed translucent door.
 14000 | D:11     | Found a large runed translucent door.
 14004 | D:11     | Noticed a six-headed hydra
 14009 | D:11     | Found a large runed translucent door.
 14009 | D:11     | Found a large runed translucent door.
 14187 | D:11     | Noticed a death knight
 14206 | D:11     | Killed a death knight
 14849 | D:11     | Killed a six-headed hydra
 14920 | D:11     | Identified a scroll of acquirement
 14920 | D:11     | Acquired the +5 morningstar of Spring {flame, rF+ Str+2}
 14962 | Lair:1   | Entered Level 1 of the Lair of Beasts
 15644 | Lair:1   | Identified the +7 great sword of Starshine {protect, Will+
                  | Str+2}
 16037 | Lair:1   | Found an ancient bone altar of Kikubaaqudgha.
 16641 | Lair:2   | Found a shimmering blue altar of Sif Muna.
 16653 | Lair:2   | Reached skill level 1 in Shields
 16656 | Lair:2   | Reached skill level 1 in Invocations
 16931 | Lair:2   | Reached XP level 13. HP: 120/133 MP: 9/13
 16988 | Lair:2   | Received a gift from Okawaru
 17189 | Lair:2   | Identified the +8 great mace "Pucvaq" {protect, rF+}
                  | (Okawaru gifted it to you on level 2 of the Lair of Beasts)
 17189 | Lair:2   | Received a gift from Okawaru
 17815 | Lair:3   | Reached skill level 5 in Shields
 18065 | Lair:3   | Noticed Rupert
 18067 | Lair:3   | Paralysed by Rupert for 2 turns
 18074 | Lair:3   | Killed Rupert
 18075 | Lair:3   | Reached skill level 5 in Invocations
 18732 | Lair:4   | Found a hole to the Spider Nest.
 18745 | Lair:4   | Received a gift from Okawaru
 19159 | Lair:4   | Identified the +1 cloak "Yffushru" {+Inv rElec rC+}
                  | (Okawaru gifted it to you on level 4 of the Lair of Beasts)
 19159 | Lair:4   | Received a gift from Okawaru
 19680 | Lair:4   | Found a staircase to the Swamp.
 20471 | Lair:5   | Found a snail-covered altar of Cheibriados.
 20668 | Lair:5   | Noticed Snorg
 20673 | Lair:5   | Killed Snorg
 21841 | Lair:6   | Entered Level 6 of the Lair of Beasts
 21852 | Lair:6   | Reached XP level 14. HP: 98/140 MP: 13/19
 22159 | Lair:6   | Reached skill level 10 in Shields
 22322 | Lair:6   | Received a gift from Okawaru
 22714 | Lair:6   | Found a runed translucent door.
 22715 | Lair:6   | Found a viscous altar of Jiyva.
 22717 | Lair:6   | Found a staircase to the Slime Pits.
 24265 | Orc:1    | Entered Level 1 of the Orcish Mines
 24320 | Orc:1    | Noticed Erica
 24333 | Orc:1    | Killed Erica
 24333 | Orc:1    | Identified the +4 demon trident of Qeopni {vorpal, *Corrode
                  | rF+ rC++ Dex-5 Stlth+} (Okawaru gifted it to you on level 1
                  | of the Orcish Mines)
 24333 | Orc:1    | Received a gift from Okawaru
 24810 | Orc:1    | Noticed Sonja
 24811 | Orc:1    | Killed Sonja
 24939 | Orc:2    | Entered Level 2 of the Orcish Mines
 25164 | Orc:2    | Found Jaisef's Assorted Antiques.
 25164 | Orc:2    | Found Zaizetwo's Jewellery Boutique.
 25259 | Orc:2    | Found a staircase to the Elven Halls.
 25398 | Orc:2    | Found Toritwuj's Distillery.
 25400 | Orc:2    | Found Meicuing's Jewellery Emporium.
 25407 | Orc:2    | Bought a potion of heal wounds for 55 gold pieces
 25422 | Orc:2    | Bought a potion of heal wounds for 165 gold pieces
 25422 | Orc:2    | Bought a green potion for 29 gold pieces
 25422 | Orc:2    | Bought a heavily runed ring mail for 297 gold pieces
 25422 | Orc:2    | Identified the +0 ring mail of Ybeaxearyn {rC+ rCorr Dex+5}
                  | (You bought it in a shop on level 2 of the Orcish Mines)
 25659 | Orc:2    | Found Miup Voh's Weapon Boutique.
 27059 | D:12     | Reached XP level 15. HP: 150/150 MP: 17/20
 27396 | D:13     | Found a shimmering altar of Xom.
 27476 | D:13     | Received a gift from Okawaru
 27856 | D:14     | Received a gift from Okawaru
 27957 | D:14     | Found a gate to the Vaults.
 28099 | D:14     | Found a frozen archway.
 28276 | IceCv    | Entered an ice cave
 28869 | IceCv    | Found the +8 frozen axe "Frostbite" {freezing cloud, *Noise
                  | Fly rC+}
 29462 | D:14     | Found a runed translucent gate.
 29462 | D:14     | Found a runed translucent gate.
 29464 | D:14     | Found a runed translucent gate.
 29466 | D:14     | Noticed Ziatichuqu's ghost (journeyman DsFi)
 29617 | D:14     | Killed Ziatichuqu's ghost
 29628 | D:14     | Reached skill level 15 in Maces & Flails
 29803 | D:15     | Entered Level 15 of the Dungeon
 30343 | D:15     | Identified the +5 morningstar of Okawaru's Reproof
                  | {antimagic, rF+ Dex+2} (Okawaru gifted it to you on level
                  | 15 of the Dungeon)
 30343 | D:15     | Received a gift from Okawaru
 30933 | D:15     | Reached skill level 15 in Armour
 31226 | D:15     | Found a staircase to the Depths.
 31634 | Swamp:1  | Entered Level 1 of the Swamp
 32144 | Elf:1    | Entered Level 1 of the Elven Halls
 32185 | Elf:1    | Found a flickering gateway to a bazaar.
 32193 | Bazaar   | Entered a bazaar
 32237 | Bazaar   | Found Vuud's Jewellery Shop.
 32272 | Bazaar   | Found Itwank's Assorted Antiques.
 32302 | Bazaar   | Found Zotwec's Antique Armour Emporium.
 32325 | Bazaar   | Bought the ring of Duibaro {rPois rF+ rC+ SInv} for 632
                  | gold pieces
 32348 | Bazaar   | Bought a potion of curing for 48 gold pieces
 32434 | Elf:1    | Reached XP level 16. HP: 138/162 MP: 3/21
 32446 | Elf:1    | Received a gift from Okawaru
 34075 | Elf:2    | Found Isei's Weapon Emporium.
 34205 | Elf:2    | Identified the +4 pair of gloves of Thoughtfulness {+Inv
                  | rPois} (Okawaru gifted it to you on level 2 of the Elven
                  | Halls)
 34205 | Elf:2    | Received a gift from Okawaru
 34609 | Elf:2    | Found a runed translucent gate.
 34610 | Elf:2    | Found a runed translucent gate.
 34610 | Elf:2    | Found a runed translucent gate.
 35392 | Elf:2    | Reached skill level 15 in Shields
 35951 | Elf:3    | Entered Level 3 of the Elven Halls
 35955 | Elf:3    | Received a gift from Okawaru
 35955 | Elf:3    | Found the -2 hat of the Alchemist {rElec rPois rF+ rC+ rN+
                  | Will+ rMut rCorr}
 36035 | Elf:3    | Reached XP level 17. HP: 172/172 MP: 7/22
 36041 | Elf:3    | Identified the ring "Oren" {Int+3 SInv}
 36254 | Elf:3    | Paralysed by an air elemental for 1 turns
 36261 | Elf:3    | Paralysed by an air elemental for 1 turns
 36799 | Elf:3    | Noticed a deep elf blademaster
 36812 | Elf:3    | Killed a deep elf blademaster
 36823 | Elf:3    | Noticed a deep elf blademaster
 36842 | Elf:3    | Noticed a deep elf blademaster
 36846 | Elf:3    | Noticed an Ice Fiend
 36848 | Elf:3    | Killed a deep elf blademaster
 36872 | Elf:3    | Killed a deep elf blademaster
 36879 | Elf:3    | Noticed a Tzitzimitl
 36881 | Elf:3    | Noticed a deep elf master archer
 37627 | Elf:3    | Noticed a deep elf master archer
 37633 | Elf:3    | Received a gift from Okawaru
 37639 | Elf:3    | Killed a deep elf master archer
 37658 | Elf:3    | Cast into level 3 of the Abyss (a deep elf sorcerer)
 38179 | Abyss:3  | Paralysed by you for 3 turns
 38433 | Elf:3    | Escaped the Abyss
 38796 | Elf:3    | Killed a deep elf master archer
 38895 | Elf:3    | Identified the +10 plate armour "Jesaisoz" {Rampage Will+
                  | SInv}
 39252 | Elf:3    | Upgraded the game from 0.28-a0-1429-gf3d713df7a to
                  | 0.28-a0-1435-g82390b3a13
 39263 | Elf:3    | Identified the +2 war axe "Plog" {protect, Str+5 SInv}
 39263 | Elf:3    | Identified the +0 chain mail of Mordant Liberty {rElec rC-
                  | Slay+6}
 39263 | Elf:3    | Identified the ring of Qiruez {rElec rPois rN++ Dex+7}
 39803 | Elf:3    | Identified the +0 robe of the Cicada {rC- Int+3 Slay+2}
 39803 | Elf:3    | Identified the amulet of Gajownut {Reflect rC+ SH+5}
 39997 | Elf:3    | Noticed a Tzitzimitl
 40016 | Elf:3    | Noticed a Hell Sentinel
 40029 | Elf:3    | Noticed an Ice Fiend
 40643 | Elf:3    | Found the +8 Vampire's Tooth {vamp}
 41544 | Swamp:1  | Noticed Kirke
 41568 | Swamp:1  | Received a gift from Okawaru
 41576 | Swamp:1  | Killed Kirke
 41919 | Swamp:2  | Received a gift from Okawaru
 41979 | Swamp:2  | Reached XP level 18. HP: 184/184 MP: 7/23
 41990 | Swamp:2  | Received a gift from Okawaru
 42142 | Swamp:2  | Identified the +7 dagger of the Boar {freeze, +Blink}
                  | (Okawaru gifted it to you on level 2 of the Swamp)
 42142 | Swamp:2  | Received a gift from Okawaru
 43175 | Swamp:4  | Entered Level 4 of the Swamp
 43220 | Swamp:4  | Identified the +6 whip of Gownaim {freeze, Str+3}
 43555 | Swamp:4  | Acquired 829 gold pieces
 43693 | Swamp:4  | Got a decaying rune of Zot
 43933 | Spider:1 | Entered Level 1 of the Spider Nest
 44546 | Spider:2 | Reached skill level 10 in Dodging
 44664 | Spider:2 | Received a gift from Okawaru
 45751 | Spider:3 | Identified the +4 dire flail of Plunder {holy, *Corrode rF+
                  | rC+ Will+ Dex+3} (Okawaru gifted it to you on level 3 of
                  | the Spider Nest)
 45751 | Spider:3 | Received a gift from Okawaru
 46270 | Spider:3 | Reached XP level 19. HP: 160/193 MP: 8/24
 46634 | Spider:3 | Identified the +2 scale mail of Adiras {Int+5} (Okawaru
                  | gifted it to you on level 3 of the Spider Nest)
 46634 | Spider:3 | Received a gift from Okawaru
 47293 | Spider:4 | Entered Level 4 of the Spider Nest
 48334 | Spider:4 | Got a gossamer rune of Zot
 48847 | Spider:4 | Found a transporter.
 48849 | Spider:4 | Noticed Hatoet's ghost (adept TrHu)
 48918 | Spider:4 | Found a transporter.
 49131 | Spider:4 | Killed Hatoet's ghost
 49131 | Spider:4 | Received a gift from Okawaru
 49232 | Spider:4 | Identified the +7 ring mail of Liberty {*Corrode Dex+5}
 49637 | Vaults:1 | Entered Level 1 of the Vaults
 51072 | Vaults:2 | Received a gift from Okawaru
 51877 | Vaults:2 | Reached XP level 20. HP: 199/204 MP: 8/25
 52047 | Vaults:2 | Noticed Boris
 52066 | Vaults:2 | Killed Boris
 52916 | Vaults:3 | Identified the +0 plate armour of Okawaru's Indignation
                  | {rElec SInv} (Okawaru gifted it to you on level 3 of the
                  | Vaults)
 52916 | Vaults:3 | Received a gift from Okawaru
 53263 | Vaults:3 | Identified the +9 plate armour of Modesty {Harm +Blink rC+}
 53302 | Vaults:3 | Identified the +1 robe "Cicoos" {rPois}
 54067 | Vaults:3 | Found a staircase to the Crypt.
 54067 | Vaults:3 | Found a basalt altar of Yredelemnul.
 54067 | Vaults:3 | Found an ancient bone altar of Kikubaaqudgha.
 54293 | Vaults:3 | Identified the +9 chain mail of Good Intentions {Str+2
                  | Int+5}
 55493 | Vaults:4 | Received a gift from Okawaru
 56461 | Vaults:4 | Identified the +0 battleaxe "Syneanouse" {vorpal, *Noise
                  | rN+ Str+2}
 56951 | Vaults:5 | Entered Level 5 of the Vaults
 57072 | Vaults:5 | Reached XP level 21. HP: 217/217 MP: 8/26
 57499 | Vaults:5 | Received a gift from Okawaru
 57604 | Vaults:5 | Got a silver rune of Zot
 57643 | Vaults:5 | Noticed a golden dragon
 57654 | Vaults:5 | Killed a golden dragon
 57713 | Vaults:5 | Noticed a golden dragon
 57725 | Vaults:5 | Killed a golden dragon
 58005 | Vaults:5 | Identified the +0 cloak "Huahus" {rPois rC+ Str+3 Dex-4}
                  | (Okawaru gifted it to you on level 5 of the Vaults)
 58005 | Vaults:5 | Received a gift from Okawaru
 58242 | Vaults:5 | Reached skill level 27 in Fighting
 58584 | Vaults:5 | Identified the +2 leather armour of Action {-Cast rC++
                  | SInv}
 58640 | Vaults:5 | Identified the +8 falchion "Mobuotz Urim" {flame, rF+
                  | Stlth+}
 58783 | Vaults:5 | Noticed a golden dragon
 58792 | Vaults:5 | Killed a golden dragon
 58919 | Vaults:5 | Noticed a golden dragon
 58931 | Vaults:5 | Killed a golden dragon
 59085 | Vaults:5 | Identified the +3 long sword "Punwim" {freeze, rElec rCorr
                  | Dex-3}
 59087 | Vaults:5 | Noticed an ancient lich
 59122 | Vaults:5 | Killed an ancient lich
 59346 | Vaults:5 | Identified the amulet "Foriczi" {Reflect rElec Dex+3 SH+5}
 59388 | Vaults:5 | Identified the +9 hand axe of the Secret Priests {protect,
                  | Int+6 Dex+3}
 60185 | Slime:1  | Entered Level 1 of the Pits of Slime
 60307 | Lair:6   | Identified the +10 morningstar of Okawaru's Approval
                  | {vorpal, Str+4 Dex+3} (Okawaru gifted it to you on level 6
                  | of the Lair of Beasts)
 60307 | Lair:6   | Received a gift from Okawaru
 61374 | Slime:3  | Reached XP level 22. HP: 221/233 MP: 27/27
 62446 | Slime:5  | Entered Level 5 of the Pits of Slime
 62469 | Slime:5  | Acquired 758 gold pieces
 62652 | Slime:5  | Found a viscous altar of Jiyva.
 62689 | Slime:5  | Noticed the Royal Jelly
 62734 | Slime:4  | Reached XP level 23. HP: 240/240 MP: 20/28
 63834 | Slime:5  | Killed the Royal Jelly
 63835 | Slime:5  | Noticed Dissolution
 63851 | Slime:5  | Killed Dissolution
 64432 | Slime:5  | Identified the +2 kite shield of Okawaru's Inspiration {rC+
                  | rN+ Int+2} (Okawaru gifted it to you on level 5 of the Pits
                  | of Slime)
 64432 | Slime:5  | Received a gift from Okawaru
 64863 | Slime:5  | Found the +6 Majin-Bo {vamp, MP+6 Int+6}
 64918 | Slime:5  | Identified the ring of Uxzismeze {Int+7 Slay+4}
 64925 | Slime:5  | Got a slimy rune of Zot
 65040 | Slime:5  | Identified the +5 scale mail of Reiddis {rCorr}
 65047 | Slime:5  | Identified the +0 ring mail of Asar Zeck {Rampage Regen+
                  | Int+6 Dex-3}
 65262 | Slime:5  | Reached XP level 24. HP: 249/249 MP: 28/28
 65263 | Slime:5  | Reached XP level 25. HP: 257/257 MP: 28/28
 66103 | D:8      | Fell from the grace of Okawaru
 66103 | D:8      | Became a worshipper of the Shining One
 66274 | Depths:1 | Entered Level 1 of the Depths
 66274 | Depths:1 | Noticed Sojobo
 66287 | D:15     | Killed Sojobo
 66348 | Depths:1 | Reached * piety under the Shining One
 66837 | Depths:1 | Found a gateway to Hell.
 66895 | Depths:1 | Reached skill level 27 in Maces & Flails
 67014 | Depths:1 | Reached ** piety under the Shining One
 67104 | Depths:1 | Found a sparkling altar of Nemelex Xobeh.
 67210 | Depths:1 | Found a corrupted altar of Lugonu.
 67211 | Depths:1 | Found a one-way gate to the infinite horrors of the Abyss.
 67484 | Depths:2 | Noticed Boris
 67496 | Depths:2 | Killed Boris
 67534 | Depths:2 | Found a glowing silver altar of Zin.
 67839 | Depths:2 | Found Innem's Armour Boutique.
 67856 | Depths:2 | Noticed Asterion
 67864 | Depths:2 | Killed Asterion
 68125 | Depths:2 | Found Gozag's Antique Weapon Shoppe.
 68130 | Depths:2 | Found an opulent altar of Gozag.
 68133 | Depths:2 | Found Gozag's Assorted Antiques.
 68135 | Depths:2 | Found Gozag's Antique Weapon Emporium.
 68189 | Depths:2 | Reached XP level 26. HP: 188/266 MP: 28/28
 68364 | Depths:2 | Reached *** piety under the Shining One
 69267 | Depths:2 | Bought a fine mace for 800 gold pieces
 69267 | Depths:2 | Identified the +8 mace "Akkioc" {elec, rF+ Will+} (You
                  | bought it in a shop on level 2 of the Depths)
 69267 | Depths:2 | Bought an ichor-stained morningstar for 900 gold pieces
 69267 | Depths:2 | Identified the +6 morningstar "Ureorph" {vorpal, Str+2
                  | Int+2} (You bought it in a shop on level 2 of the Depths)
 69679 | Depths:2 | Found a one-way gate leading to the halls of Pandemonium.
 70441 | Depths:3 | Found a one-way gateway to a ziggurat.
 70476 | Depths:3 | Got Todor's Volume of Dark Rituals and Execration
 71765 | Depths:4 | Entered Level 4 of the Depths
 72238 | Depths:4 | Reached **** piety under the Shining One
 72527 | Depths:4 | Found a gate to the Realm of Zot.
 72730 | Depths:4 | Found a runed translucent door.
 72731 | Depths:4 | Found a shimmering altar of Xom.
 72731 | Depths:4 | Noticed Wethristuq's ghost (journeyman MiBe)
 72743 | Depths:4 | Killed Wethristuq's ghost
 73682 | Depths:4 | Was forgiven by Okawaru
 74615 | Crypt:1  | Entered Level 1 of the Crypt
 74618 | Crypt:1  | Reached ***** piety under the Shining One
 76251 | Crypt:2  | Noticed Boris
 76257 | Crypt:2  | Killed Boris
 76274 | Crypt:2  | Found an ancient bone altar of Kikubaaqudgha.
 76294 | Crypt:2  | Reached ****** piety under the Shining One
 76354 | Crypt:2  | Identified a +5 sacred scourge of holy wrath (a +3 demon
                  | whip of chaos blessed by the Shining One)
 76354 | Crypt:2  | Received a gift from the Shining One
 76558 | Crypt:2  | Reached skill level 10 in Invocations
 76948 | Crypt:3  | Entered Level 3 of the Crypt
 77112 | Crypt:3  | Noticed Frederick
 77131 | Crypt:3  | Killed Frederick
 77275 | Crypt:3  | Reached XP level 27. HP: 270/273 MP: 30/30
 77946 | Crypt:3  | Found a staircase to the Tomb.
 78068 | Crypt:3  | Found a basalt altar of Yredelemnul.
 78102 | Crypt:3  | Found an ancient bone altar of Kikubaaqudgha.
 78413 | Crypt:3  | Found the +5 robe of Night {Dark Will+ SInv}
 78422 | Crypt:3  | Got Witchery, Part Six
 78442 | Crypt:3  | Got the Catalogue of Evil
 78981 | Depths:1 | Voluntarily entered the Abyss.
 79244 | Abyss:3  | Gained mutation: You do not regenerate when monsters are
                  | visible. [a neqoxec]
 79304 | Abyss:4  | Found a corrupted altar of Lugonu.
 79358 | Abyss:4  | Found an ornate altar of the Wu Jian Council.
 79770 | Abyss:4  | Found a corrupted altar of Lugonu.
 81239 | Abyss:4  | Found a corrupted altar of Lugonu.
 81260 | Abyss:4  | Paralysed by accursed screaming for 1 turns
 81292 | Abyss:4  | Paralysed by accursed screaming for 2 turns
 81294 | Abyss:4  | Killed from afar by a starcursed mass

Illustrated notes

Levels and vault maps discovered:
D:1:      elethiomel_arrival_maze, layout_basic
D:2:      layout_loops_ring, uniq_terence
D:3:      layout_rooms, serial_co_window_serial, co_window_paths_a,
          co_window_paths_a, co_window_paths_a, co_window_paths_a,
          co_window_corner_a, co_window_corner_a, co_window_cross_1,
          co_window_unsneaky_path_c, co_window_broadway_b, co_window_paths_c,
          co_window_corner_b, co_window_cross_2, co_window_paths_d,
          co_window_4corner_a, glass_columns_a, glass_columns_b,
          glass_columns_a, portal_sewer_entry_f
D:4:      layout_loops_corners, uniq_eustachio
D:5:      layout_loops_ring, nicolae_qazlal_general_emergency,
          minmay_divided_ellipse, uniq_crazy_yiuf_cottage
D:6:      layout_layer_cave, minmay_temple_entry_large_hall, uniq_edmund,
          uniq_sigmund
D:7:      layout_loops_ring, tgw_sif, minmay_hedge_maze, uniq_prince_ribbit1
D:8:      layout_cave_pools, nicolae_overflow_quartered_altars, enter_bailey_5,
          gammafunk_ghost_stat_death, chequers_serial_rivers_large_a
D:9:      layout_grid_maze, uniq_grum, uniq_joseph
D:10:     minmay_bubble_buster, layout_basic, minmay_lair_entry_grove,
          kennysheep_orc_monster_closet_entryway
D:11:     layout_irregular_city, minmay_hollow_rounded_squares, uniq_maurice,
          uniq_erolcha
D:12:     layout_irregular_city, minmay_misc_feat_encased,
          kennysheep_generic_room_13
D:13:     layout_basic, brannock_xom_greatest_gift
D:14:     layout_basic, david_vaults_4, gammafunk_ghost_split,
          portal_ice_cave_entry_ice_simulacra, nrook_pool_corridor
D:15:     hangedman_depths_entry_try_elsewhere_first, layout_loops_ring,
          serial_ice, serial_ice_o, serial_ice_e, serial_ice_b, serial_ice_a
Temple:   regret_index_temple_sphere_string
Lair:1:   minmay_lair_oklob_tunnel, layout_cave_pods, lemuel_oklob_altar
Lair:2:   layout_cave_pods, basic_altar, lemuel_fruit_tree
Lair:3:   layout_regular_city, chequers_serial_rivers_micro_d,
          grunt_megastairs_4, uniq_rupert
Lair:4:   layout_gridlike, nicolae_swamp_entry_splash_gauntlet,
          nicolae_spider_entry_tight_spaces
Lair:5:   pond_and_an_island_with_a_cottage, layout_cave_pods,
          kennysheep_snail_temple, uniq_snorg
Lair:6:   evilmike_catoblepas_cave, layout_regular_city, slime_altar_2,
          nicolae_lair_run_with_the_wolves, lemuel_fruit_fields
Swamp:1:  layout_basic_swamp, evilmike_swamp_ruin_house_5,
          nicolae_swamp_frolicking_bunyips, infiniplex_staircase_pool,
          uniq_kirke
Swamp:2:  layout_falls_marsh, evilmike_swamp_ruin_rubble_2
Swamp:3:  layout_basic_swamp, evilmike_swamp_ruin_house_2
Swamp:4:  swamp_icy, layout_basic_swamp
Spider:1: layout_cave_pods, guppyfry_spider_mini_3
Spider:2: layout_spider_delve, drop_trap
Spider:3: spiders_nest_scorpion_pit, hangedman_spider_tarantella_strand
Spider:4: guppyfry_spider_rune, gammafunk_ghost_mausoleum
Slime:1:  layout_caves
Slime:2:  layout_caves, cheibrodos_slime_lost_civilization_4
Slime:3:  layout_caves
Slime:4:  layout_caves
Slime:5:  uniq_dissolution
Orc:1:    orc_temple, layout_caves, roderic_batcave, uniq_erica, uniq_fannar,
          uniq_josephine, uniq_sonja
Orc:2:    st_orc_rangers, layout_caves, serial_shops,
          nicolae_shop_bloodbath_and_beyond
Elf:1:    minmay_the_grid_3x2 [minmay_the_grid_gridbox, minmay_the_grid_empty,
          minmay_the_grid_pillar_ring, minmay_the_grid_holed_spiral,
          minmay_the_grid_eight, minmay_the_grid_prize_inner_circle],
          layout_gridlike, serial_shops, bzr_entry_dummy,
          hangedman_elf_disciples, hangedman_elf_targetted_burst
Elf:2:    nicolae_elf_blades_crystal_corner, layout_geoelf_octagon,
          serial_shops, shop, minivault_5
Elf:3:    minmay_elf_hall_four_x, layout_geoelf_diagonals, drop_trap
Vaults:1: nicolae_vaults_theta, v_alt_pattern_1, vaults_dpeg_spiral,
          nicolae_vaults_circle_grid_a, v_misc_18, hangedman_vaults_stagger,
          ontoclasm_vaults_twist, nicolae_vaults_statue_guard,
          vaults_dpeg_encased_lava, vaults_room_ringed_pool, vaults_room_pool,
          layout_vaults_big_cross
Vaults:2: v_rooms_6, nicolae_vaults_three_branches, nicolae_vaults_rhombus_6,
          ontoclasm_vaults_misaligned, nicolae_vaults_circle_grid_a,
          vaults_room_hallway, nicolae_vaults_little_squares_3, v_misc_17,
          vaults_mumra_hexcomb, layout_vaults_big_room, uniq_boris
Vaults:3: nicolae_vaults_shelves_hall, ontoclasm_vaults_pinch,
          nicolae_vaults_little_squares_6, nicolae_vaults_circle_grid_b,
          nicolae_vaults_quartermaster, v_rooms_1, nicolae_vaults_alarming,
          nicolae_vaults_little_squares_1, minmay_crypt_entry_necro_gods,
          vaults_room_stairs_pillars, ontoclasm_vaults_loading_screen,
          layout_vaults_quadrants
Vaults:4: vaults_room_fours, dpeg_vaults_monster_row, v_misc_24,
          grunt_vaults_hallway_short, st_lattice,
          nicolae_vaults_little_squares_5, ontoclasm_vaults_gateway,
          grunt_vaults_diagonal, grunt_vaults_funnel, ontoclasm_vaults_spin,
          nicolae_vaults_big_angled_halls, ontoclasm_vaults_claustrophobia,
          v_alt_pattern_6, v_misc_12, nicolae_vaults_little_squares_1,
          hangedman_vaults_stretched_pinwheel, layout_vaults_omnibox
Vaults:5
Crypt:1:  layout_catacombs, evilmike_ambush [evilmike_ambush_outer_basic,
          evilmike_ambush_inner_pond]
Crypt:2:  layout_gridlike, basic_altar, lemuel_upstairs_altar
Crypt:3:  lightli_unholy_cathedral, layout_chaotic_city,
          tomb_entry_simple_bobbens, item_on_display_a, uniq_frederick
Depths:1: layout_cave_pools, abyss_entry_flame_altar, minmay_misc_feat_room,
          grunt_mini_vestibule, amcnicky_mini_corridor_feature,
          nemelex_xobeh_ov_fountains_minmay, uniq_sojobo
Depths:2: kennysheep_gozag_temple, layout_cave_shapes, rand_demon_pan_entry_1,
          serial_shops, shop, serial_bayou_shore_a, hell_entry, zin_academy,
          uniq_asterion
Depths:3: minmay_glassy_protrusions, layout_gridlike, enter_ziggurat_e,
          abyss_entry, hell_entry, infiniplex_staircase_pool_2
Depths:4: grunt_zot_entry_alcove, layout_long_grid, rand_demon_pan_entry_7,
          ebering_ghost_xom, serial_shops, bzr_entry_lakeside, hell_entry,
          abyss_entry
Abyss:4:  base: Elf:3, base: Depths:4, minivault_11, lemuel_flamethrower_3,
          evilmike_abyss_exit_13, onia_ninara_dug_in_and_dangerous,
          patterned_corridor, evilmike_abyss_exit_1, gammafunk_corrupted_shrine,
          evilmike_abyss_exit_7, minivault_23,
          hangedman_grunt_abyss_rune_horror_hoard, minivault_23,
          bh_abyss_exit_grid, lemuel_flamethrower_hall,
          bh_abyss_xom_lugonu_altar, hangedman_abyss_or_decor_stabs,
          evilmike_abyss_rune_siren_acolytes, hangedman_abyss_or_decor_stabs,
          evilmike_abyss_rune_siren_acolytes, minivault_22

Skill      XL: |  1  2  3  4  5  6  7  8  9 10 11 12 13 14 15 16 17 18 19 20 21 22 23 24 25 26 27 |
---------------+----------------------------------------------------------------------------------+-----
Fighting       | 3 4 5 6 8 9 11 14 17 18 19 20 21 22 23 25 27 | 27.0
Armour         | 6 9 12 13 15 16 18 19 20 22 26 | 26.8
Maces & Flails | 7 10 12 14 15 17 18 19 20 23 24 25 26 27 | 27.0
Dodging        | 6 9 10 12 13 | 13.2
Shields        | 2 9 11 13 15 16 17 19 | 19.9
Invocations    | 2 8 11 13 | 13.4
Throwing       | |  2.0

Action                   |  1- 3 |  4- 6 |  7- 9 | 10-12 | 13-15 | 16-18 | 19-21 | 22-24 | 25-27 || total
-------------------------+-------+-------+-------+-------+-------+-------+-------+-------+-------++-------
Melee: Flail             |    67 |   109 |   114 |       |       |       |       |       |       ||   290
       Punch             |     4 |     1 |     2 |     1 |       |       |       |       |       ||     8
       Headbutt          |     9 |    19 |    45 |   111 |   259 |   449 |   670 |   184 |   920 ||  2666
       Dire flail        |       |       |    84 |   338 |       |       |       |       |       ||   422
       Morningstar       |       |       |       |    73 |   981 |  1530 |  1891 |   448 |  1322 ||  6245
       Sacred scourge    |       |       |       |       |       |       |       |       |   984 ||   984
Invok: Heroism           |       |       |       |     5 |     8 |    20 |    12 |     3 |       ||    48
       Finesse           |       |       |       |       |     3 |     9 |    12 |     4 |       ||    28
       Divine Shield     |       |       |       |       |       |       |       |       |    24 ||    24
       Cleansing Flame   |       |       |       |       |       |       |       |       |     6 ||     6
       Brand Weapon With |       |       |       |       |       |       |       |       |     1 ||     1
       Summon Divine War |       |       |       |       |       |       |       |       |     3 ||     3
  Use: Potion            |     1 |     1 |     2 |       |     5 |     8 |     1 |     5 |    13 ||    36
       Scroll            |       |    10 |     2 |     8 |    10 |     8 |       |     4 |     8 ||    50
 Stab: Sleeping          |       |       |     1 |     4 |     2 |     2 |       |       |       ||     9
       Distracted        |       |       |       |     2 |     3 |     1 |       |       |       ||     6
       Petrified         |       |       |       |       |     3 |       |       |       |       ||     3
Armor: Leather armour    |    13 |     1 |       |       |       |       |       |       |       ||    14
       Scale mail        |       |    37 |    57 |       |       |       |       |       |       ||    94
       Ring mail         |       |       |    46 |   144 |   256 |    57 |       |       |       ||   503
       Plate armour      |       |       |       |       |       |   270 |   508 |   120 |   748 ||  1646
Dodge: Dodged            |    50 |    66 |   115 |   237 |   485 |   461 |   598 |   194 |   968 ||  3174
Block: Kite shield       |       |       |       |    14 |   987 |  1289 |  1836 |   503 |  2719 ||  7348
       Reflection        |       |       |       |       |    67 |    49 |    79 |    12 |    75 ||   282

Table legend: (Time is in decaauts)
 A = Elapsed time spent in this place.
 B = Non-inter-level travel time spent in this place.
 C = Inter-level travel time spent in this place.
 D = Time resting spent in this place.
 E = Time spent auto-exploring this place.
 F = Levels seen in this place.
 G = Mean time per level.
                   A        B        C        D        E       F      G
               +--------+--------+--------+--------+--------+-----+--------+
         Total |  79621 |  72771 |   6850 |  13763 |  45538 |  61 | 1305.3 |
       Dungeon |  19793 |  17503 |   2290 |    832 |  14521 |  15 | 1319.5 |
        Temple |    216 |    139 |     77 |      0 |    125 |   1 |  216.0 |
          Lair |  10681 |   9146 |   1535 |   1238 |   6803 |   6 | 1780.2 |
         Swamp |   2764 |   2564 |    200 |      0 |   1867 |   4 |  691.0 |
   Spider Nest |   5272 |   4959 |    313 |   1182 |   2740 |   4 | 1318.0 |
    Slime Pits |   5016 |   4573 |    443 |   1725 |   1949 |   5 | 1003.2 |
  Orcish Mines |   1699 |   1593 |    106 |    385 |    886 |   2 |  849.5 |
   Elven Halls |   7690 |   7376 |    314 |   2867 |   3280 |   3 | 2563.3 |
        Vaults |  10498 |   9597 |    901 |   1011 |   7005 |   5 | 2099.6 |
         Crypt |   3531 |   3391 |    140 |    848 |   1984 |   3 | 1177.0 |
        Depths |   7860 |   7333 |    527 |   2636 |   3310 |   4 | 1965.0 |
         Abyss |   2742 |   2742 |      0 |    661 |     48 |   5 |  548.4 |
        Bazaar |    191 |    191 |      0 |      0 |    107 |   1 |  191.0 |
         Sewer |    503 |    503 |      0 |      0 |    365 |   1 |  503.0 |
        Bailey |    416 |    416 |      0 |      0 |    307 |   1 |  416.0 |
      Ice Cave |    742 |    742 |      0 |    377 |    238 |   1 |  742.0 |
               +--------+--------+--------+--------+--------+-----+--------+

Top non-repeatable levels by time:
   Elf:3: 4066 daAuts
Vaults:3: 2744 daAuts
  Lair:6: 2597 daAuts
Depths:2: 2594 daAuts
    D:10: 2593 daAuts
Vaults:5: 2512 daAuts
   Elf:2: 2189 daAuts
  Lair:4: 2143 daAuts
Depths:4: 2034 daAuts
 Slime:4: 2015 daAuts
Depths:3: 2004 daAuts
Vaults:4: 1998 daAuts
  Lair:1: 1944 daAuts
Spider:4: 1934 daAuts
    D:15: 1755 daAuts
